 Dungeon Crawl Stone Soup version 0.30-a0-948-g4fa250aae5 (webtiles) character file.

Game seed: 7238755823297664930

96 jimonade the Chopper (level 4, -1/40 HPs)
             Began as a Hill Orc Fighter on Mar 25, 2023.
             Was an Initiate of Beogh.
             Succumbed to an orc wizard's poison
             ... on level 3 of the Dungeon on Mar 26, 2023.
             The game lasted 00:03:54 (1736 turns).

jimonade the Chopper (Hill Orc Fighter)             Turns: 1736, Time: 00:03:54

Health: -1/40      AC:  9    Str: 18    XL:     4   Next: 67%
Magic:  5/5        EV:  9    Int: 10    God:    Beogh [......]
Gold:   69         SH:  0    Dex: 10    Spells: 3/3 levels left

rFire   . . .      SeeInvis .    a - +0 war axe
rCold   . . .      Faith    .    c - +0 buckler
rNeg    . . .      Spirit   .    b - +0 scale mail
rPois   .          Reflect  +    (no helmet)
rElec   .          Rampage  .    f - +0 cloak
rCorr   .                        j - +0 pair of gloves
Will    .....                    (no boots) Stlth
                                 m - amulet of reflection
HPRegen 0.26/turn                (no ring)
MPRegen 0.09/turn                (no ring)

@: confused, mighty, lethally poisoned (-1 -> -17)
A: no striking features
a: Renounce Religion


You were on level 3 of the Dungeon.
You worshipped Beogh.
Beogh was noncommittal.
You visited 1 branch of the dungeon, and saw 3 of its levels.

You collected 69 gold pieces.

Inventory:

Hand Weapons
 a - a +0 war axe (weapon)
Missiles
 h - 11 poisoned darts (quivered)
Armour
 b - a +0 scale mail (worn)
 c - a +0 buckler (worn)
 f - a +0 cloak (worn)
 j - a +0 pair of gloves (worn)
Jewellery
 m - an amulet of reflection (around neck)
Scrolls
 e - 6 scrolls of identify {unknown}
 k - 2 scrolls of teleportation {unknown}
 l - a scroll of enchant armour {unknown}
 n - a scroll of noise {unknown}
Potions
 g - 2 potions of curing {unknown}
 i - 2 potions of cancellation {unknown}


   Skills:
 + Level 4.0 Fighting
 + Level 4.2 Axes
 + Level 3.7 Armour
 + Level 3.7 Shields
 * Level 2.4 Invocations


You had 3 spell levels left.
You didn't know any spells.
Your spell library was empty.

Dungeon Overview and Level Annotations

Branches:
Dungeon (3/15)

Altars:

Shops:
D:2 [


Message History

Are you sure you want to stumble around while confused and next to the non-hostile orc?
Okay, then.
Unknown command.
Unknown command.
Unknown command.
Are you sure you want to stumble around while confused and next to the non-hostile orc?
You're too confused to move!
You feel sick. Something hits you but does no damage.
You are more poisoned.
Are you sure you want to stumble around while confused and next to the non-hostile orc?
Okay, then.
Are you sure you want to stumble around while confused and next to the non-hostile orc?
Okay, then.
Are you sure you want to stumble around while confused and next to the non-hostile orc?
You bump into the rock wall.
You feel very sick. Something hits you but does no damage.
You are lethally poisoned!
You bump into the rock wall.
* * * LOW HITPOINT WARNING * * *
You feel very sick. Something hits you but does no damage.
You are more poisoned.
You're too confused to move!
You feel less confused.
* * * LOW HITPOINT WARNING * * *
You feel very sick.
You hear some strange, mumbled words.
You are confused.
You feel very mighty all of a sudden.
* * * LOW HITPOINT WARNING * * *
You feel very sick.
You hear some strange, mumbled words.
You are more confused.
Are you sure you want to stumble around while confused and next to the non-hostile orc?
Okay, then.
There is a lethal amount of poison in your body!
Are you sure you want to stumble around while confused and next to the non-hostile orc?
You bump into the rock wall.
You die...

#.# #.# #.#
###### #.#
#....# #.#
#.##.#
#.#####.##.#
#.......##.#
##########.#
......o@#
########{).....
)...... .......
....... ####...
... ..


You could see a neutral orc (wandering).

Vanquished Creatures
  3 adders (D:2)
  A worm (D:2)
  A dart slug (D:2)
  3 orcs (D:2)
  7 ball pythons
  7 bats
  4 endoplasms
  A giant cockroach (D:1)
  6 hobgoblins
  6 kobolds
  3 frilled lizards
  4 goblins
  4 rats (D:1)
50 creatures vanquished.

Vanquished Creatures (others)
  2 orc priests (D:3)
  An orc (D:3)
3 creatures vanquished.

Grand Total: 53 creatures vanquished

Notes
Turn   | Place    | Note
-------+----------+-------------------------------------------
     0 | D:1      | jimonade the Hill Orc Fighter began the quest for the Orb.
     0 | D:1      | Reached XP level 1. HP: 19/19 MP: 1/1
    81 | D:1      | Upgraded the game from 0.30-a0-939-gc8157cb160 to
                  | 0.30-a0-948-g4fa250aae5
   101 | D:1      | Found a faded altar of an unknown god.
   192 | D:1      | Reached XP level 2. HP: 27/27 MP: 2/2
   261 | D:1      | Reached skill level 1 in Invocations
   847 | D:2      | Reached XP level 3. HP: 29/33 MP: 4/4
  1132 | D:2      | Reached XP level 4. HP: 29/40 MP: 5/5
  1396 | D:2      | Found Kewohax Xeec's Antique Armour Shop.
  1714 | D:3      | Became a worshipper of Beogh the Brigand
  1735 | D:3      | HP: 2/40 [poisoned by an orc wizard]
  1736 | D:3      | Succumbed to an orc wizard's poison

Illustrated notes

Levels and vault maps discovered:
D:1:      dpeg_arrival_short_road, layout_loops_ring,
          ebering_ecumenical_altar_sacrificial
D:2:      layout_loops_cross, serial_shops, nicolae_shop_statue_plus,
          guppyfry_early_orc_mine
D:3:      layout_basic, nicolae_overflow_crystal_walls, tgw_fedhas,
          gammafunk_ghost_arena, minmay_unequal

Skill      XL: |  1  2  3  4 |
---------------+-------------+-----
Invocations    | 1 2 |  2.4
Axes           | 3 4 |  4.2
Fighting       | 4 |  4.0
Armour         | |  3.7
Shields        | |  3.7

Action                     |  1- 3 |  4- 6 || total
---------------------------+-------+-------++-------
  Melee: War axe           |   131 |    55 ||   186
 Invoke: Convert to Beogh  |       |     1 ||     1
    Use: Potion            |       |     1 ||     1
 Armour: Scale mail        |    67 |    25 ||    92
  Dodge: Dodged            |    69 |    13 ||    82
  Block: Buckler           |    29 |    36 ||    65

Table legend: (Time is in decaauts)
 A = Elapsed time spent in this place.
 B = Non-inter-level travel time spent in this place.
 C = Inter-level travel time spent in this place.
 D = Time resting spent in this place.
 E = Time spent auto-exploring this place.
 F = Levels seen in this place.
 G = Mean time per level.
                   A        B        C        D        E       F      G
               +--------+--------+--------+--------+--------+-----+--------+
         Total |   1806 |   1739 |     67 |      0 |   1208 |   3 |  602.0 |
       Dungeon |   1806 |   1739 |     67 |      0 |   1208 |   3 |  602.0 |
               +--------+--------+--------+--------+--------+-----+--------+

Top non-repeatable levels by time:
     D:2: 921 daAuts
     D:1: 832 daAuts
     D:3: 51 daAuts
